cohdb
Replays
Latest Replays
All Replays
Popular Replays
Top Player Replays
Match Explorer
How It Works
Community
CoH3 Stats
Reddit
Sign in to upload your games and track your stats! →
Sign in with Steam
Match 44413952
Unlisted
Match 44413952
Overview
Messages
Build Orders
End
Kradschützen Motorcycle Team
250 Light Carrier
Panzergrenadier Squad
Construct Light Support Kompanie
Assault Grenadier Squad
Assault Grenadier Squad
Panzerjäger Mechanized Group
Selects Italian Infantry
Selects Guastatori Squad
Guastatori Squad
Guastatori Squad
2.5-tonne Medical Truck
Construct Mechanized Kompanie
Selects Defensive Operations
Combat Half-tracks
Marder III Tank Destroyer
Selects Prepared Positions
Construct Panzerarmee Kommand
Fire Support Elements
Selects Registered Artillery
Pak 38 Mechanized Group
Registered Artillery
Selects Towed Cannone da 105/28 Field Howitzer
Towed Cannone da 105/28 Field Howitzer
Armored Reserves
Tiger Heavy Tank
Panzergrenadier Squad
Selects Obice 305mm Barrage
Obice 305mm Barrage
18-tonne Recovery Half-track
Registered Artillery
Tiger Heavy Tank
Obice 305mm Barrage
Guastatori Squad
Panzerjäger Squad
Panzer IV Assault Group
FuddTator
arash
Bran
DrewP
0
0
Comments
sign in to comment!
No comments posted yet!